cohdb
Replays
Latest Replays
All Replays
Popular Replays
Top Player Replays
Match Explorer
How It Works
Community
CoH3 Stats
Reddit
Sign in to upload your games and track your stats! →
Sign in with Steam
Match 32773151
Unlisted
Match 32773151
Overview
Messages
Build Orders
End
Construct Section Command Post
Infantry Section
Infantry Section
Infantry Section
Construct Platoon Command Post
Selects Air and Sea Battlegroup
6-pounder Anti-tank Gun Team
Selects Commando Section Paradrop
Commando Section Paradrop
Infantry Training
Construct Field Infirmary
Selects Supply Surplus
Commando Section Paradrop
6-pounder Anti-tank Gun Team
Team Weapon Training
Construct Company Command Post
Selects Centaur Medium Tank
Selects Assault Flares
Unlock M3 Grant Medium Tanks
Assault Flares
Grenade Package
M3 Grant Medium Tank
Assault Flares
Exerate
thekaelz
el campo
MaXiS
0
0
Comments
sign in to comment!
No comments posted yet!